 Dungeon Crawl Stone Soup version 0.30-a0-335-ge5acde7520 (webtiles) character file.

Game seed: 9745800404892629495

126 Muataran the Trooper (level 4, 0/42 HPs)
             Began as a Minotaur Berserker on Oct 31, 2022.
             Was a Believer of Trog.
             Slain by an orc
             ... wielding a +0 club
              (3 damage)
             ... on level 3 of the Dungeon.
             The game lasted 00:02:39 (1346 turns).

Muataran the Trooper (Minotaur Berserker)           Turns: 1346, Time: 00:02:41

Health: 0/42       AC:  6    Str: 22    XL:     4   Next: 83%
Magic:  3/3        EV: 11    Int:  6    God:    Trog [**....]
Gold:   157        SH:  0    Dex:  9    Spells: 3/3 levels left

rFire   . . .      SeeInvis .    a - +0 hand axe
rCold   . . .      Faith    .    (no shield)
rNeg    . . .      Spirit   .    f - +0 ring mail
rPois   .          Reflect  .    (helmet restricted)
rElec   .          Harm     .    e - +0 cloak
rCorr   .          Rampage  .    (no gloves)
Will    .....                    (no boots)
Stlth   ..........               (no amulet)
HPRegen 0.27/turn                (no ring)
MPRegen 0.08/turn                (no ring)

@: lethally poisoned (0 -> -6)
A: horns 2, retaliatory headbutt
a: Renounce Religion, Berserk, Trog's Hand


You were on level 3 of the Dungeon.
You worshipped Trog.
Trog was pleased with you.
You visited 1 branch of the dungeon, and saw 3 of its levels.

You collected 157 gold pieces.

Inventory:

Hand Weapons
 a - a +0 hand axe (weapon)
Armour
 e - a +0 cloak (worn)
 f - a +0 ring mail (worn)
Jewellery
 c - a ring of protection from fire
 g - an amulet of magic regeneration
 j - a ring of willpower
Scrolls
 d - a scroll of teleportation {unknown}
 h - a scroll of noise {unknown}
 i - a scroll of identify {unknown}
 k - a scroll of silence {unknown}
 m - a scroll of magic mapping {unknown}
 p - a scroll of poison {unknown}
Potions
 b - a potion of flight {unknown}
 n - a potion of brilliance
 o - a potion of haste {unknown}


   Skills:
 * Level 5.1 Fighting
 + Level 4.4 Axes
 + Level 3.4 Armour
 + Level 3.1 Dodging


You had 3 spell levels left.
You didn't know any spells.
Your spell library was empty.

Dungeon Overview and Level Annotations

Branches:
Dungeon (3/15)

Altars:


Innate Abilities, Weirdness & Mutations

You have a pair of horns on your head.
You reflexively headbutt those who attack you in melee.


Message History

You kill the goblin!
Trog accepts your kill.
You hit the orc.
The orc is severely wounded.
You hit the rat.
You feel sick. The orc hits you but does no damage.
You are more poisoned.
The rat closely misses you. x2; The orc hits you but does no damage.
You are lethally poisoned!
You barely miss the orc. You headbutt the orc.
You kill the orc!
Trog accepts your kill.
You closely miss the rat.
You feel very sick. The rat bites you but does no damage.
You hit the orc. Your headbutt misses the orc.
The orc is severely wounded.
You hit the rat.
You feel very sick. The orc hits you but does no damage. The rat misses you.
You barely miss the orc.
The orc is severely wounded.
You barely miss the rat.
* * * LOW HITPOINT WARNING * * *
You feel very sick. The orc hits you with a +0 club.
* * * LOW HITPOINT WARNING * * *
The rat bites you.
* * * LOW HITPOINT WARNING * * *
It was a potion of brilliance.
You feel clever all of a sudden.
* * * LOW HITPOINT WARNING * * *
You feel very sick. The orc closely misses you.
The rat bites you but does no damage.
It was a potion of cancellation.
Your magical effects are unravelling.
You feel magically purged.
You feel a little less clever now.
* * * LOW HITPOINT WARNING * * *
You feel sick. The orc hits you with a +0 club.
You die...

#.........#.#### #.......####
##.........#....# ##...##....#
#......#####....#####.#.##....#
##......# ###..................#
......†..###........###.#.##...[#
##...........##...#..##.#.##....#
#.......##........# .. #.#...###
.....##.#.)####..## .#.#..####
####. #...## ##@###?...#.......)
# ...# #or...............
##.........J.......#.#......
....#.......##....#........ ...
........##.....#........
##......# .. ..#.....^..
#........ . .#........ .........
#........ ........[ ..........


You could see an orc, an endoplasm and a rat.

Vanquished Creatures
  An orc wizard (D:3)
  4 adders (D:2)
  A dart slug (D:1)
  4 orcs (D:3)
  5 ball pythons
  6 bats
  2 endoplasms
  A giant cockroach (D:2)
  9 hobgoblins
  5 kobolds
  5 quokkas
  4 frilled lizards
  5 goblins
  5 rats
57 creatures vanquished.

Vanquished Creatures (others)
  A plant (D:1)
1 creature vanquished.

Grand Total: 58 creatures vanquished

Notes
Turn   | Place    | Note
-------+----------+-------------------------------------------
     0 | D:1      | Muataran the Minotaur Berserker began the quest for the
                  | Orb.
     0 | D:1      | Reached XP level 1. HP: 19/19 MP: 0/0
    99 | D:1      | Reached XP level 2. HP: 23/27 MP: 1/1
   100 | D:1      | Reached skill level 4 in Fighting
   544 | D:1      | Reached XP level 3. HP: 32/33 MP: 2/2
   604 | D:1      | Reached ** piety under Trog
   788 | D:1      | Found a faded altar of an unknown god.
   952 | D:2      | Reached XP level 4. HP: 36/41 MP: 3/3
  1336 | D:3      | Reached skill level 5 in Fighting
  1346 | D:3      | Slain by an orc

Illustrated notes

Levels and vault maps discovered:
D:1:      dpeg_arrival_tiny_i, layout_loops_ring,
          dilly_ecumenical_altar_fadedgnrine
D:2:      layout_rooms
D:3:      layout_rooms, zin_purify, minmay_curled_crystal

Skill      XL: |  1  2  3  4 |
---------------+-------------+-----
Fighting       | 4 5 |  5.1
Axes           | 4 |  4.4
Armour         | 3 |  3.4
Dodging        | 3 |  3.1

Action                   |  1- 3 |  4- 6 || total
-------------------------+-------+-------++-------
Melee: Hand axe          |    78 |    38 ||   116
       Headbutt          |    12 |     7 ||    19
       Punch             |     1 |       ||     1
  Use: Potion            |       |     2 ||     2
Armor: Animal skin       |     2 |       ||     2
       Ring mail         |    20 |    24 ||    44
Dodge: Dodged            |    54 |    24 ||    78

Table legend: (Time is in decaauts)
 A = Elapsed time spent in this place.
 B = Non-inter-level travel time spent in this place.
 C = Inter-level travel time spent in this place.
 D = Time resting spent in this place.
 E = Time spent auto-exploring this place.
 F = Levels seen in this place.
 G = Mean time per level.
                   A        B        C        D        E       F      G
               +--------+--------+--------+--------+--------+-----+--------+
         Total |   1357 |   1302 |     55 |      0 |    983 |   3 |  452.3 |
       Dungeon |   1357 |   1302 |     55 |      0 |    983 |   3 |  452.3 |
               +--------+--------+--------+--------+--------+-----+--------+

Top non-repeatable levels by time:
     D:1: 820 daAuts
     D:2: 434 daAuts
     D:3: 102 daAuts
